 Dungeon Crawl Stone Soup version 0.28-a0-1038-g9c4cb8273d (webtiles) character file.

Game seed: 959977934684297817

4000 mainiacjoe the Fighter (level 10, -3/85 HPs)
             Began as a Formicid Fighter on Dec 9, 2021.
             Slain by a yak (8 damage)
             ... on level 8 of the Dungeon.
             The game lasted 00:21:53 (8048 turns).

mainiacjoe the Fighter (Formicid Fighter)           Turns: 8048, Time: 00:21:54

Health: -3/85      AC: 19    Str: 24    XL:     10   Next: 46%
Magic:  10/10      EV:  7    Int:  9    God:
Gold:   336        SH:  4    Dex: 10    Spells: 9/9 levels left

rFire   . . .      SeeInvis +   a - +7 lajatang of Order {silver, rMut}
rCold   . . .      Faith    .   c - +0 buckler
rNeg    . . .      Spirit   .   u - +2 plate armour {Will+}
rPois   .          Reflect  .   (helmet unavailable)
rElec   .          Harm     .   q - +0 cloak
rCorr   .          Rampage  .   (no gloves)
rMut    +                       (no boots)
Will    ++...                   (no amulet)
Stlth   ..........              y - +4 ring of protection {=R}
HPRegen 0.24/turn               (no ring)
MPRegen 0.12/turn

@: marked
A: permanent stasis, dig shafts and tunnels, antennae 3, four strong arms
a: Dig, Shaft Self


You were on level 8 of the Dungeon.
You visited 2 branches of the dungeon, and saw 9 of its levels.

You collected 481 gold pieces.
You spent 145 gold pieces at shops.

Inventory:

Hand Weapons
 a - the +7 lajatang of Order (weapon) {silver, rMut}
   (You acquired it on level 6 of the Dungeon)

   It inflicts extra damage upon those it strikes, and deals substantially
   increased damage to chaotic, mutated and magically transformed beings.
   rMut:      It protects you from mutation.
 b - the +4 hunting sling of Wyrd {venom, rCorr Stlth+}
   (You found it on level 4 of the Dungeon)

   Any ammunition fired from it poisons the flesh of those it strikes.
   rCorr:     It protects you from acid and corrosion.
   Stlth:     It makes you more stealthy.
 t - a +2 quarterstaff of chaos
 w - a +3 quarterstaff
 D - a +0 vorpal shortbow
Missiles
 d - 9 poisoned darts
 e - 303 stones
 f - 7 boomerangs (quivered)
 m - 81 bolts
 n - 144 arrows
 r - a throwing net {=F}
 s - 97 sling bullets
 F - 2 boomerangs of dispersal {=F}
Armour
 c - a +0 buckler (worn)
 q - a +0 cloak (worn)
 u - a +2 plate armour of willpower (worn)
Jewellery
 i - a ring of magical power
 l - an amulet of magic regeneration
 y - a +4 ring of protection (left hand) {=R}
Wands
 z - a wand of iceblast (6)
 G - a wand of charming (6)
 H - a wand of flame (17)
Scrolls
 g - a scroll of magic mapping
 j - a scroll of brand weapon {unknown}
 k - a scroll of enchant weapon
 o - a scroll of torment {unknown}
 p - a scroll of vulnerability
 v - 2 scrolls of fog
 x - a scroll of summoning {unknown}
Potions
 h - 5 potions of curing
 A - a potion of resistance {unknown}
 B - a potion of heal wounds {unknown}
 C - a potion of brilliance {unknown}
 E - a potion of might


   Skills:
 - Level 10.0 Fighting
 - Level 9.0 Staves
 + Level 5.1 Bows
 - Level 6.0 Armour
 - Level 3.6 Shields


You had 9 spell levels left.
You didn't know any spells.
Your spell library contained the following spells:

 Spells                   Type           Power      Damage    Failure   Level
 Sandblast                Erth           0%         2d4       99%         1
 Ensorcelled Hibernation  Hex/Ice        0%         N/A       100%        2
 Passwall                 Tmut/Erth      0%         N/A       100%        2
 Stone Arrow              Conj/Erth      0%         3d7       100%        3
 Tukima's Dance           Hex            0%         N/A       100%        3
 Swiftness                Air            Unusable   N/A       N/A         3

Dungeon Overview and Level Annotations

Branches:
Dungeon (8/15)             Temple (1/1) D:4
   Lair: D:8-11

Altars:
Ashenzari
Cheibriados
Dithmenos
Elyvilon
Fedhas
Gozag
Hepliaklqana
Kikubaaqudgha
Makhleb
Nemelex Xobeh
Okawaru
Qazlal
Sif Muna
Trog
Uskayaw
Vehumet
Wu Jian
Xom
Yredelemnul
Zin

Shops:
D:3 *[

Annotations:
D:5 2 runed translucent doors: rPois


Innate Abilities, Weirdness & Mutations

You cannot be hasted, slowed, berserked, paralysed or teleported.
You can dig through walls and to a lower floor.
You have a pair of large antennae on your head. (SInv)
Your four strong arms can wield two-handed weapons with a shield.


Message History

You extend your mandibles.
You can't dig through that.
Unknown command.
You feel better.
An orc wizard opens the door.
The orc wizard hits you with a +0 dagger.
* * * LOW HITPOINT WARNING * * *
There is an open door, spattered with blood here.
You slice the orc wizard!!
You kill the orc wizard!
Your Bows skill increases to level 5!
You slash the orc warrior!
The orc warrior is heavily wounded.
The orc warrior barely misses you.
The yak snorts and paws the ground.
You hit the orc warrior but do no damage.
The orc warrior is heavily wounded.
The orc warrior hits you but does no damage.
You barely miss the orc warrior.
The orc warrior is heavily wounded.
The orc warrior hits you with a +0 war axe!
* * * LOW HITPOINT WARNING * * *
You hit the orc warrior but do no damage.
The orc warrior is heavily wounded.
You block the orc warrior's attack.
A wight comes into view. It is wielding a +0 battleaxe.
You closely miss the orc warrior.
The orc warrior is heavily wounded.
The orc warrior hits you but does no damage.
You slash the orc warrior!
You kill the orc warrior!
A wight comes into view. It is wielding a +0 falchion.
The yak gores you!
* * * LOW HITPOINT WARNING * * *
Items here: )) [[[ †.
You barely miss the yak. The yak gores you but does no damage.
You slash the yak!
The yak is heavily wounded.
The yak gores you!
You die...

#....# #.....####
#..#.######........
##.............###
#..####'####..#
##.#.^#o#^.#..#
#.##^#o#^##..{{
#.#.^#o#^.#{ ##
#.##^#Y#^##
#.#.^#@#^.#
#.####'####.#.
#....#)#.....z
..###.###......
#.......#..
##........
#.........
..........
##.###.#.#


You could see a yak and 3 orcs.

Vanquished Creatures
  A death knight (D:8)
  Grinder (D:3)
  A water moccasin (D:5)
  An ice beast (D:5)
  4 orc warriors (D:8)
  3 black bears
  A necrophage (D:4)
  2 centaurs
  An ogre (D:6)
  2 phantoms
  2 bullfrogs
  6 scorpions
  2 wyvern skeletons (D:7)
  2 jellies
  3 centaur zombies
  A bullfrog zombie (D:5)
  2 hounds
  4 orc priests
  2 bullfrog skeletons
  Crazy Yiuf (D:7)
  A gnoll shaman (D:6)
  4 iguanas
  6 orc wizards
  A hound zombie (D:5)
  7 gnolls
  2 howler monkey skeletons
  6 adders
  A shadow imp (D:7)
  A white imp (D:4)
  2 worms
  3 dart slugs
  44 orcs
  2 ball pythons
  3 bats
  7 endoplasms
  3 giant cockroaches
  7 goblins
  7 hobgoblins
  A jackal (D:4)
  3 kobolds
  4 quokkas
  A frilled lizard (D:1)
  5 rats
163 creatures vanquished.

Vanquished Creatures (others)
  A plant (D:8)
1 creature vanquished.

Grand Total: 164 creatures vanquished

Notes
Turn   | Place    | Note
-------+----------+-------------------------------------------
     0 | D:1      | mainiacjoe the Formicid Fighter began the quest for the
                  | Orb.
     0 | D:1      | Reached XP level 1. HP: 18/18 MP: 1/1
   203 | D:1      | Reached XP level 2. HP: 17/24 MP: 2/2
   590 | D:1      | Found a faded altar of an unknown god.
  1115 | D:2      | Reached XP level 3. HP: 29/29 MP: 3/3
  1515 | D:2      | Found a shimmering altar of Xom.
  1652 | D:2      | Noticed a black bear
  1674 | D:2      | Killed a black bear
  1675 | D:2      | Reached skill level 4 in Fighting
  1675 | D:2      | Reached XP level 4. HP: 38/38 MP: 4/4
  1675 | D:2      | Reached XP level 5. HP: 43/43 MP: 5/5
  1806 | D:3      | Found Mekow's Armour Emporium.
  2007 | D:3      | Noticed Grinder
  2078 | D:3      | Found a shadowy altar of Dithmenos.
  2222 | D:4      | Found a broken altar of Ashenzari.
  2248 | D:4      | Noticed a necrophage
  2261 | D:4      | Killed a necrophage
  2262 | D:4      | Reached skill level 5 in Staves
  2262 | D:4      | Reached XP level 6. HP: 35/50 MP: 6/6
  2314 | D:4      | Reached skill level 5 in Fighting
  2587 | D:4      | Found a staircase to the Ecumenical Temple.
  2596 | D:4      | Identified the +4 hunting sling of Wyrd {venom, rCorr
                  | Stlth+}
  2640 | Temple   | Entered the Ecumenical Temple
  2878 | D:4      | Reached XP level 7. HP: 34/56 MP: 7/7
  3366 | D:4      | Found a stormy altar of Qazlal.
  3714 | D:4      | Found a shimmering blue altar of Sif Muna.
  3797 | D:3      | Found Qoapn's Assorted Antiques.
  3807 | D:3      | Bought 3 scrolls labelled RUOLIALOMI for 87 gold pieces
  3807 | D:3      | Bought a scroll labelled VURIYDOERA for 29 gold pieces
  3807 | D:3      | Bought a scroll labelled SEH QELAVA for 29 gold pieces
  3982 | D:3      | Killed Grinder
  3983 | D:3      | Reached skill level 6 in Fighting
  3983 | D:3      | Reached XP level 8. HP: 58/64 MP: 8/8
  4090 | D:3      | Found an opulent altar of Gozag.
  4256 | D:5      | Entered Level 5 of the Dungeon
  5011 | D:5      | Found a burning altar of Makhleb.
  5095 | D:5      | Reached skill level 7 in Fighting
  5177 | D:5      | Found a runed translucent door.
  5180 | D:5      | Found a runed translucent door.
  5460 | D:5      | Reached XP level 9. HP: 59/72 MP: 9/9
  6209 | D:6      | Found a hazy altar of Hepliaklqana.
  6238 | D:6      | Reached skill level 8 in Fighting
  6342 | D:6      | Found a white marble altar of Elyvilon.
  6462 | D:6      | Reached skill level 5 in Armour
  6751 | D:6      | Found an iron altar of Okawaru.
  6840 | D:6      | Found a sparkling altar of Nemelex Xobeh.
  6946 | D:6      | Identified 2 scrolls of acquirement
  6946 | D:6      | Acquired a +1 plate armour of willpower
  6963 | D:6      | Acquired the +7 lajatang of Order {silver, rMut}
  6963 | D:6      | Found the +7 lajatang of Order {silver, rMut}
  7152 | D:7      | Reached skill level 1 in Bows
  7284 | D:7      | Reached skill level 9 in Fighting
  7321 | D:7      | Found a runed translucent door.
  7322 | D:7      | Noticed Crazy Yiuf
  7328 | D:7      | Killed Crazy Yiuf
  7437 | D:7      | Reached XP level 10. HP: 83/83 MP: 10/10
  7486 | D:7      | Found a hide-covered altar of Uskayaw.
  8020 | D:8      | Noticed a death knight
  8033 | D:8      | Killed a death knight
  8033 | D:8      | HP: 1/85 [mirror damage (9)]
  8034 | D:8      | Reached skill level 10 in Fighting
  8040 | D:8      | Reached skill level 5 in Bows
  8046 | D:8      | HP: 4/85 [yak (10)]
  8048 | D:8      | Slain by a yak

Illustrated notes

Levels and vault maps discovered:
D:1:      mrwooster_arrival_statue, layout_loops_corners,
          dreamdust_ecumenical_altar_grove
D:2:      layout_basic, basic_altar
D:3:      layout_rooms, mainiacjoe_overflow_boulevard, pf_just_have_faith,
          serial_shops, nicolae_square_shop, nicolae_shop_hallway_plus,
          uniq_grinder
D:4:      layout_loops_ring, mainiacjoe_overflow_small_starburst,
          mainiacjoe_overflow_concentric_impassable, tgw_sif,
          minmay_temple_entry_gardened_gates, minmay_fractal_squares_diagonal_5
D:5:      lemuel_insect_pit, layout_basic, mainiacjoe_overflow_tiny_flanked
D:6:      layout_loops_cross, elyvilon_altar_1, mainiacjoe_overflow_paths,
          general_overflow_altar, nemelex_xobeh_ov_fountains_minmay
D:7:      layout_rooms, eat_drink_and_be_merry_uskayaw, uniq_crazy_yiuf_cottage
D:8:      layout_loops_corners, david_lair_generic, special_room
          [special_room_orc], ebering_ghost_xom, grunt_tough_drop
Temple:   nicolae_temple_figure_zero

Skill      XL: |  1  2  3  4  5  6  7  8  9 10 |
---------------+-------------------------------+-----
Staves         | 4 5 7 8 9 |  9.0
Fighting       | 4 5 6 7 9 10 | 10.0
Armour         | 6 |  6.0
Bows           | 2 5 |  5.1
Shields        | |  3.6

Action                   |  1- 3 |  4- 6 |  7- 9 | 10-12 || total
-------------------------+-------+-------+-------+-------++-------
Melee: Quarterstaff      |    84 |    64 |   103 |       ||   251
       Lajatang          |       |       |    38 |    81 ||   119
 Fire: Hunting sling     |       |     6 |   123 |       ||   129
Throw: Stone             |    59 |    70 |     5 |       ||   134
       Boomerang         |       |       |    40 |    11 ||    51
 Abil: Dig               |     1 |       |     5 |     2 ||     8
  Use: Potion            |     1 |     1 |       |     2 ||     4
       Scroll            |       |       |    12 |       ||    12
Armor: Scale mail        |    37 |    20 |       |       ||    57
       Ring mail         |       |       |    28 |       ||    28
       Plate armour      |       |       |    72 |    27 ||    99
Dodge: Dodged            |    25 |    18 |    69 |    11 ||   123
Block: Buckler           |    17 |     9 |    26 |     8 ||    60

Table legend: (Time is in decaauts)
 A = Elapsed time spent in this place.
 B = Non-inter-level travel time spent in this place.
 C = Inter-level travel time spent in this place.
 D = Time resting spent in this place.
 E = Time spent auto-exploring this place.
 F = Levels seen in this place.
 G = Mean time per level.
                   A        B        C        D        E       F      G
               +--------+--------+--------+--------+--------+-----+--------+
         Total |   8100 |   7594 |    506 |    762 |   5302 |   9 |  900.0 |
       Dungeon |   7976 |   7479 |    497 |    762 |   5189 |   8 |  997.0 |
        Temple |    123 |    114 |      9 |      0 |    113 |   1 |  123.0 |
               +--------+--------+--------+--------+--------+-----+--------+

Top non-repeatable levels by time:
     D:4: 1855 daAuts
     D:5: 1309 daAuts
     D:1: 1181 daAuts
     D:6: 1148 daAuts
     D:3: 804 daAuts
     D:2: 764 daAuts
     D:7: 549 daAuts
     D:8: 362 daAuts
  Temple: 123 daAuts
